[Event "Titled Tuesday Blitz October 5 2021"]
[White "Dang, Hoang Son"]
[Black "Sokolin, Leonid"]
[WhiteFideId "12402435"]
[BlackFideId "2009161"]
[WhiteElo "2248"]
[BlackElo "2394"]
[Result "1-0"]
[Round "02"]
[TimeControl "180+1"]
[Date "2021.10.05"]
[WhiteClock "0:01:32"]
[BlackClock "0:01:03"]

1. d4 Nf6 2. c4 e6 3. Nf3 d5 4. g3 Be7 5. Bg2 O-O 6. O-O dxc4 7. Qc2 b5 8. a4 b4 9. Qxc4 Ba6 10. Qc2 b3 11. Qxb3 Bxe2 12. Re1 Ba6 13. Ne5 Nd5 14. Nc3 c6 15. Bd2 Qb6 16. Qc2 Qxd4 17. Nxc6 Nxc6 18. Nxd5 exd5 19. Qxc6 Qxd2 20. Qxa6 Bf6 21. Rad1 Qxb2 22. Bxd5 Bd4 23. Re2 Qb6 24. Qxb6 Bxb6 25. Bxa8 Rxa8 26. Rd7 g6 27. Re5 a5 28. Rb5 Bd8 29. Rbb7 1-0


[Site "https://www.chess.com"]

[Event "Titled Tuesday Blitz October 5 2021"]
[White "De Silva, L M S T"]
[Black "Pacheco Lugo, Alejandro Jose"]
[WhiteFideId "9953698"]
[BlackFideId "3903745"]
[WhiteElo "1621"]
[BlackElo "2125"]
[Result "1/2-1/2"]
[Round "02"]
[TimeControl "180+1"]
[Date "2021.10.05"]
[WhiteClock "0:00:04"]
[BlackClock "0:00:07"]

1. e4 c5 2. Nf3 d6 3. Bb5+ Bd7 4. Bxd7+ Nxd7 5. O-O Ngf6 6. Qe2 Rc8 7. c3 e6 8. d4 Be7 9. Rd1 cxd4 10. cxd4 d5 11. e5 Ne4 12. Ne1 f6 13. f3 Ng5 14. h4 Nf7 15. exf6 Nxf6 16. Qxe6 O-O 17. Nc3 Re8 18. Qf5 Bb4 19. Qd3 Nd6 20. Bg5 h6 21. Bxf6 Qxf6 22. Nxd5 Qxh4 23. Nxb4 Kh8 24. Nec2 Re6 25. Re1 Rf6 26. Nd5 Rf7 27. Re6 Nf5 28. Re4 Qh5 29. Nf4 Qg5 30. Rae1 Ng3 31. Re8+ Rf8 32. Ng6+ Kg8 33. Nxf8 Rxe8 34. Qh7+ Kf7 35. Rxe8 Kxe8 36. Ne6 Qc1+ 37. Kh2 Nf1+ 38. Kh3 Ke7 39. d5 Kd6 40. Ncd4 Qe1 41. Qxg7 Ne3 42. Qg3+ Qxg3+ 43. Kxg3 Kxd5 44. Kf4 Nxg2+ 45. Kf5 Ne1 46. f4 h5 47. Kg5 Ke4 48. Kxh5 Nd3 49. Kg5 Nxf4 50. Nxf4 Kxd4 51. Kf5 Ke3 52. Ke5 Kd2 53. Kd4 Kc2 54. Nd3 Kb1 55. a3 Ka2 56. Kc3 a5 57. Nc5 b5 58. Nb3 b4+ 59. axb4 axb4+ 60. Kc2 1/2-1/2


[Site "https://www.chess.com"]

[Event "Titled Tuesday Blitz October 5 2021"]
[White "Demchenko, Anton"]
[Black "Carnicelli, Valerio"]
[WhiteFideId "4160258"]
[BlackFideId "856185"]
[WhiteElo "2583"]
[BlackElo "2332"]
[Result "1-0"]
[Round "02"]
[TimeControl "180+1"]
[Date "2021.10.05"]
[WhiteClock "0:00:07"]
[BlackClock "0:00:02"]

1. e4 e5 2. Nf3 Nc6 3. Bc4 Bc5 4. d3 Nf6 5. O-O d6 6. Nbd2 a6 7. a4 h6 8. c3 Nh5 9. b4 Ba7 10. Bb3 Qf6 11. Nc4 Nf4 12. Bxf4 Qxf4 13. b5 Ne7 14. d4 exd4 15. Nxd4 O-O 16. Qd3 Ng6 17. Ne3 Ne5 18. Qc2 c6 19. bxc6 bxc6 20. Rad1 Rb8 21. Ba2 Bc5 22. Kh1 Ng4 23. Nxg4 Bxg4 24. f3 Bd7 25. a5 Kh8 26. Qd3 Rb2 27. Bb1 Bh3 28. Rg1 g6 29. Bc2 Bd7 30. Rd2 Kh7 31. Rgd1 Rfb8 32. Qxa6 d5 33. exd5 Bd6 34. g3 Qe3 35. dxc6 Bh3 36. Qc4 Kg7 37. Re2 Qg5 38. c7 Rc8 39. Bb3 Rxc7 40. Rxb2 Rxc4 41. Bxc4 Qxa5 42. Rc2 Qc5 43. Bf1 Qc7 44. Bxh3 Be5 45. Bg2 Bf6 46. Ne2 Qc4 47. f4 Qa4 48. Rdc1 Qc4 49. h3 Qc5 50. Kh2 Qe3 51. c4 h5 52. h4 Qc5 53. Nc3 Bd4 54. Ne4 Qf5 55. c5 Be3 56. Re1 Bxf4 57. gxf4 Qxf4+ 58. Kg1 Qxh4 59. Ree2 Qf4 60. c6 h4 61. c7 Qg4 62. Kf1 h3 63. Bh1 h2 64. Kf2 Qg1+ 65. Kf3 Qxh1+ 66. Ke3 Qg1+ 67. Kd3 Qd1+ 68. Kc3 Qa1+ 69. Kb3 h1=Q 70. c8=Q Qhb1+ 71. Kc4 Qa4+ 72. Kd3 Qbb3+ 73. Qc3+ Qxc3+ 74. Nxc3 Qd7+ 75. Ke3 Qf5 76. Rf2 Qg5+ 77. Kf3 Qe5 78. Ne4 Qf5+ 79. Ke3 Qh3+ 80. Rf3 Qh6+ 81. Kd3 Qh1 82. Rcf2 Qd1+ 83. Nd2 f5 84. Ke3 Qa4 85. Ke2 Qb5+ 86. Kd1 Qc5 87. Rf1 Qd5 88. Ke2 Qb5+ 89. Kf2 Qc5+ 90. Kg2 Qc2 91. R1f2 Qc5 92. Nf1 Qd5 93. Ng3 Qd6 94. Ne2 Qd5 95. Nf4 Qc6 96. Kg1 Kf6 97. Nh3 Kg7 98. Rg3 Qc1+ 99. Kg2 Qc5 100. Kh2 Qd5 101. Rfg2 Qd6 102. Ng5 Qe5 103. Nf3 Qd6 104. Nh4 f4 105. Rxg6+ 1-0


[Site "https://www.chess.com"]

[Event "Titled Tuesday Blitz October 5 2021"]
[White "Demin, Vladimir"]
[Black "Dardha, Daniel"]
[WhiteFideId "4167457"]
[BlackFideId "240990"]
[WhiteElo "2514"]
[BlackElo "2489"]
[Result "1-0"]
[Round "02"]
[TimeControl "180+1"]
[Date "2021.10.05"]
[WhiteClock "0:00:49"]
[BlackClock "0:01:38"]

1. e4 d6 2. d4 Nf6 3. Nc3 Bg4 4. f3 Bh5 5. h4 h6 6. Be3 e6 7. Qd2 d5 8. g4 Bg6 9. e5 Nfd7 10. Nge2 c5 11. Nf4 Bh7 12. g5 cxd4 13. Bxd4 Nc6 14. g6 Bxg6 15. Nxg6 fxg6 16. f4 Nxd4 17. Qxd4 Qb6 18. Qd3 Kf7 19. O-O-O Bb4 20. Nxd5 exd5 21. Qxd5+ Kf8 22. Bc4 Qe3+ 23. Kb1 Ke8 24. Qxd7+ 1-0


[Site "https://www.chess.com"]

[Event "Titled Tuesday Blitz October 5 2021"]
[White "Di Nicolantonio, Lucas"]
[Black "Le, Tuan Minh"]
[WhiteFideId "680460"]
[BlackFideId "12401153"]
[WhiteElo "2381"]
[BlackElo "2450"]
[Result "0-1"]
[Round "02"]
[TimeControl "180+1"]
[Date "2021.10.05"]
[WhiteClock "0:00:05"]
[BlackClock "0:00:44"]

1. Nf3 d5 2. e3 Nf6 3. c4 c6 4. Nc3 a6 5. b3 Bg4 6. h3 Bh5 7. Bb2 e6 8. g4 Bg6 9. Ne5 Bd6 10. Nxg6 hxg6 11. Bg2 Nbd7 12. Qc2 g5 13. Ne2 Qe7 14. Ng3 Ne5 15. d4 Ng6 16. O-O-O Ba3 17. Kb1 Bxb2 18. Qxb2 a5 19. c5 a4 20. b4 a3 21. Qb3 Nh4 22. Bf1 e5 23. Bd3 e4 24. Bc2 g6 25. Nf1 Kf8 26. Nd2 Kg7 27. Rdf1 Rhe8 28. f3 exf3 29. Nxf3 Qxe3 30. Qxe3 Rxe3 31. Nxg5 Rae8 32. Kc1 R8e7 33. Rh2 Re1+ 34. Rxe1 Rxe1+ 35. Kd2 Ra1 36. Bb3 Nh7 37. Nxh7 Nf3+ 38. Ke3 Nxh2 39. Ng5 Rb1 40. Bc2 Rb2 41. Kd2 Rxa2 42. Kc3 Rb2 43. Bb3 Kf6 44. Nh7+ Ke7 45. Ng5 f6 46. Nh7 Nf3 47. g5 Nxg5 48. Nxg5 fxg5 49. b5 Kf6 50. b6 Rh2 51. Kb4 a2 52. Bxd5 a1=Q 0-1


[Site "https://www.chess.com"]

[Event "Titled Tuesday Blitz October 5 2021"]
[White "Dzhaparov, Medet"]
[Black "Ivanisevic, Ivan"]
[WhiteFideId "13803689"]
[BlackFideId "912417"]
[WhiteElo "1702"]
[BlackElo "2499"]
[Result "0-1"]
[Round "02"]
[TimeControl "180+1"]
[Date "2021.10.05"]
[WhiteClock "0:00:05"]
[BlackClock "0:00:37"]

1. d4 Nf6 2. c4 g6 3. Nf3 Bg7 4. g3 d6 5. Bg2 c6 6. O-O Qa5 7. Nc3 Qh5 8. Bg5 O-O 9. Qb3 Nbd7 10. Rad1 h6 11. Bc1 g5 12. e4 a5 13. Qc2 e5 14. h3 Re8 15. g4 Qg6 16. Be3 h5 17. Nh2 exd4 18. Bxd4 Ne5 19. Bxe5 dxe5 20. f3 Bf8 21. Kh1 Be6 22. Na4 Rad8 23. b3 Bb4 24. Rxd8 Rxd8 25. Rd1 Re8 26. Nf1 hxg4 27. hxg4 Qh6+ 28. Kg1 Nd7 29. Ng3 Nc5 30. Nb2 a4 31. Nf5 Bxf5 32. exf5 Qh4 33. Nd3 Nxd3 34. Rxd3 axb3 35. axb3 e4 36. fxe4 Qe1+ 37. Kh2 Qh4+ 38. Rh3 Bd6+ 39. Kg1 Qe1+ 40. Bf1 Rxe4 0-1


[Site "https://www.chess.com"]

[Event "Titled Tuesday Blitz October 5 2021"]
[White "Erdogmus, Yagiz Kaan"]
[Black "Cardoso Cardoso, Jose Gabriel"]
[WhiteFideId "44599790"]
[BlackFideId "4430492"]
[WhiteElo "1783"]
[BlackElo "2343"]
[Result "0-1"]
[Round "02"]
[TimeControl "180+1"]
[Date "2021.10.05"]
[WhiteClock "0:00:08"]
[BlackClock "0:00:16"]

1. e4 g6 2. d4 c6 3. Nc3 d5 4. Nf3 dxe4 5. Nxe4 Nf6 6. Nxf6+ exf6 7. Be3 Bg7 8. Qd2 O-O 9. O-O-O Be6 10. Kb1 b5 11. h4 h5 12. Bd3 a5 13. Bh6 a4 14. Rhe1 Re8 15. Bxg7 Kxg7 16. Be4 Qd6 17. a3 Bg4 18. Qb4 Qxb4 19. axb4 f5 20. Bd3 Na6 21. c3 Nc7 22. Be2 Nd5 23. Ng1 Nf4 24. f3 Nxg2 25. fxg4 Nxe1 26. Rxe1 fxg4 27. Kc2 f5 28. Rf1 Re3 29. Kd2 Rae8 30. Bd3 Rg3 31. Ne2 Rg2 32. d5 cxd5 33. Bxb5 Re7 34. Bd3 g5 35. Rxf5 gxh4 36. Rg5+ Kf6 37. Rf5+ Kg7 38. Rg5+ Kf8 39. Rxh5 h3 40. Rh8+ Kf7 41. Rh7+ Ke8 42. Rh8+ Kd7 43. b5 h2 44. b6 Kc6 45. Rh6+ Kb7 46. Bb5 Rf2 47. Bc6+ Kxb6 48. Bd7+ Kc7 49. Bxg4 Re4 50. Rh7+ Kd6 51. Rh6+ Kc5 52. Ke1 Rg2 53. Bf3 Rexe2+ 54. Bxe2 Rg1+ 55. Kf2 h1=Q 56. Rxh1 Rxh1 57. Bd3 Ra1 58. Ke3 Ra2 59. Bc2 a3 60. b4+ Kd6 61. Kd2 Ra1 62. Bb3 Rh1 63. Kc2 Rh2+ 64. Kc1 a2 65. Bxa2 Rxa2 66. Kb1 Rf2 67. Kc1 Kc6 68. Kd1 Kb5 69. Ke1 Ra2 70. Kd1 Kc4 71. Kc1 Kxc3 72. b5 Ra1# 0-1


[Site "https://www.chess.com"]

[Event "Titled Tuesday Blitz October 5 2021"]
[White "Fier, Alexandr"]
[Black "Alvarez Calzadilla, Jose Avelino"]
[WhiteFideId "2107139"]
[BlackFideId "3526151"]
[WhiteElo "2569"]
[BlackElo "2526"]
[Result "1-0"]
[Round "02"]
[TimeControl "180+1"]
[Date "2021.10.05"]
[WhiteClock "0:01:22"]
[BlackClock "0:00:08"]

1. d4 Nf6 2. Bg5 g6 3. Bxf6 exf6 4. e3 d5 5. c4 dxc4 6. Bxc4 Bd6 7. Nc3 c6 8. h4 h5 9. Nge2 Nd7 10. g3 f5 11. Nf4 Nf6 12. Qb3 Qe7 13. O-O-O b5 14. Be2 Bxf4 15. gxf4 Be6 16. Qc2 O-O 17. Bf3 b4 18. Na4 Bd5 19. Bxd5 cxd5 20. Kb1 Rfc8 21. Nc5 Ne4 22. Rc1 Nxc5 23. dxc5 a5 24. Rhd1 a4 25. Rxd5 b3 26. Qc4 a3 27. axb3 Rcb8 28. Rd6 axb2 29. Kxb2 Qa7 30. Rxg6+ Kf8 31. Rd6 Qa2+ 32. Kc3 Ra3 33. Kd4 Qd2+ 34. Ke5 Re8+ 35. Kf6 Ra7 36. Rxd2 1-0


[Site "https://www.chess.com"]

[Event "Titled Tuesday Blitz October 5 2021"]
[White "Girinath, P.D.S."]
[Black "Goncalves, Ivan Mesquita V"]
[WhiteFideId "5000572"]
[BlackFideId "2114224"]
[WhiteElo "2333"]
[BlackElo "2299"]
[Result "1-0"]
[Round "02"]
[TimeControl "180+1"]
[Date "2021.10.05"]
[WhiteClock "0:00:12"]
[BlackClock "0:00:13"]

1. e4 c5 2. Nf3 e6 3. d3 b6 4. g3 Bb7 5. Bg2 d6 6. O-O Nd7 7. Re1 Qc7 8. c3 Ngf6 9. a4 a6 10. Na3 Be7 11. Nc4 O-O 12. e5 dxe5 13. Nfxe5 Bxg2 14. Kxg2 b5 15. axb5 axb5 16. Rxa8 Rxa8 17. Qf3 Rc8 18. Nxd7 Nxd7 19. Bf4 Qa7 20. Ne5 Nxe5 21. Bxe5 Bf8 22. h4 Qa2 23. Qb7 Qa8 24. Qxa8 Rxa8 25. d4 c4 26. Bf4 Ra2 27. Bc1 h5 28. Re5 Ra1 29. Be3 b4 30. Rb5 bxc3 31. bxc3 f6 32. Rb8 Ra3 33. d5 Rb3 34. Rc8 Kf7 35. dxe6+ Kxe6 36. Rxf8 Rxc3 37. Rg8 Kf7 38. Rc8 Rc2 39. Rc7+ Kg6 40. Kf3 Kh7 41. Ke4 Kg6 42. Kd4 Ra2 43. Rxc4 Kf5 44. Kd3 Ra3+ 45. Ke2 Ra2+ 46. Kf3 Kg6 47. Rc5 Ra4 48. Kg2 Rb4 49. Rc7 Ra4 50. Bc5 Rc4 51. Bd6 Rd4 52. Bf8 Kf5 53. Rxg7 Rd5 54. Be7 Re5 55. Bd6 Re6 56. Bf4 Re4 57. Rh7 Kg6 58. Rh6+ Kf5 59. Rxh5+ Ke6 60. Rh8 Ra4 61. h5 Kf5 62. h6 Kg6 63. Rg8+ Kh7 64. Rg7+ Kh8 65. Rf7 Ra6 66. Re7 f5 67. Rf7 Kg8 68. Rg7+ Kh8 69. Be5 Rxh6 70. Rg6+ Kh7 71. Rxh6+ Kxh6 72. Kf3 Kg6 73. Kf4 Kh5 74. Kxf5 Kh6 75. g4 Kh7 76. g5 Kg8 77. g6 Kf8 78. Kf6 Kg8 79. Kg5 Kf8 80. Kh6 Kg8 81. f4 Kf8 82. f5 Kg8 83. Bd6 Kh8 84. f6 Kg8 85. f7+ Kh8 86. g7# 1-0


[Site "https://www.chess.com"]

[Event "Titled Tuesday Blitz October 5 2021"]
[White "Glavina, Pablo"]
[Black "Maghsoodloo, Parham"]
[WhiteFideId "100234"]
[BlackFideId "12539929"]
[WhiteElo "2369"]
[BlackElo "2601"]
[Result "0-1"]
[Round "02"]
[TimeControl "180+1"]
[Date "2021.10.05"]
[WhiteClock "0:00:01"]
[BlackClock "0:01:05"]

1. d4 Nf6 2. c4 e6 3. Nc3 Bb4 4. Qc2 d5 5. cxd5 exd5 6. Bg5 h6 7. Bh4 O-O 8. e3 Re8 9. Nf3 Nbd7 10. a3 Bxc3+ 11. Qxc3 c5 12. dxc5 g5 13. Bg3 Ne4 14. Qc2 Ndxc5 15. b4 Bf5 16. Nd4 Qf6 17. Rd1 Bg6 18. Qc1 Nxg3 19. hxg3 Ne4 20. Qb2 Rac8 21. Bb5 Nxg3 22. Bxe8 Nxh1 23. Bd7 Rc2 0-1


[Site "https://www.chess.com"]

[Event "Titled Tuesday Blitz October 5 2021"]
[White "Gokerkan, Cem Kaan"]
[Black "Dounis, Alexandros"]
[WhiteFideId "6336760"]
[BlackFideId "4213238"]
[WhiteElo "2382"]
[BlackElo "2195"]
[Result "0-1"]
[Round "02"]
[TimeControl "180+1"]
[Date "2021.10.05"]
[WhiteClock "0:00:04"]
[BlackClock "0:00:13"]

1. d4 Nf6 2. Nf3 g6 3. c4 Bg7 4. g3 O-O 5. Bg2 d5 6. cxd5 Nxd5 7. O-O Nc6 8. e4 Nb6 9. d5 Na5 10. Nc3 c6 11. Nd4 e6 12. b3 cxd5 13. exd5 Nxd5 14. Nxd5 exd5 15. Ba3 Re8 16. Rc1 Bd7 17. Rc5 Nc6 18. Nb5 d4 19. Nd6 Re6 20. Rd5 Qc7 21. Bh3 a6 22. Qf3 Re7 23. Bxd7 Rxd7 24. Nc4 Rxd5 25. Qxd5 Rd8 26. Qe4 h6 27. Rd1 b5 28. Nd2 Ne7 29. Nf3 Nf5 30. g4 Nd6 31. Qf4 Ne8 32. Qd2 d3 33. Bb4 Qd7 34. h3 Nc7 35. Kg2 Ne6 36. Ba5 Rc8 37. Qe3 Qc6 38. Kg1 g5 39. Rd2 Nf4 40. Bb4 Nxh3+ 41. Kh2 Nf4 42. Be7 Re8 43. Nd4 Qd7 44. Nf5 Nd5 45. Qe4 Nxe7 46. Nxe7+ Rxe7 47. Qa8+ Kh7 48. Qf3 Qc7+ 49. Kg2 Rd7 50. Qf5+ Kh8 51. Kg1 Qf4 52. Qxd7 Qxd2 53. Qe8+ Kh7 54. Qe4+ Kg8 55. Qe8+ Bf8 56. Qe4 Qe2 0-1


[Site "https://www.chess.com"]

[Event "Titled Tuesday Blitz October 5 2021"]
[White "Golubev, Mikhail"]
[Black "Kezin, Roman"]
[WhiteFideId "14100983"]
[BlackFideId "24124621"]
[WhiteElo "2374"]
[BlackElo "2557"]
[Result "0-1"]
[Round "02"]
[TimeControl "180+1"]
[Date "2021.10.05"]
[WhiteClock "0:00:20"]
[BlackClock "0:01:36"]

1. e4 c6 2. d4 d5 3. e5 Bf5 4. h4 h6 5. g4 Be4 6. f3 Bh7 7. e6 Qd6 8. exf7+ Kxf7 9. Ne2 e5 10. dxe5 Qxe5 11. Nc3 Bb4 12. Bf4 Bxc3+ 13. bxc3 Qe7 14. Qd2 Nd7 15. Kf2 Ngf6 16. Nd4 Rae8 17. g5 Nh5 18. gxh6 gxh6 19. Bxh6 Qd6 20. Qg5 Re5 21. Qg4 Ndf6 22. Qh3 c5 23. Rb1 cxd4 24. Rxb7+ Re7 25. Rxe7+ Qxe7 26. cxd4 Bxc2 27. Rg1 Rxh6 28. Qe6+ Qxe6 0-1


[Site "https://www.chess.com"]

[Event "Titled Tuesday Blitz October 5 2021"]
[White "Gombocz, Ferenc Jr."]
[Black "Pert, Richard G"]
[WhiteFideId "775029"]
[BlackFideId "404748"]
[WhiteElo "1913"]
[BlackElo "2441"]
[Result "0-1"]
[Round "02"]
[TimeControl "180+1"]
[Date "2021.10.05"]
[WhiteClock "0:00:04"]
[BlackClock "0:01:02"]

1. c4 e6 2. g3 d5 3. Bg2 dxc4 4. Qa4+ Nd7 5. Qxc4 a6 6. Qc2 Ngf6 7. Nc3 Bd6 8. Nf3 e5 9. O-O O-O 10. d4 Re8 11. dxe5 Nxe5 12. Nxe5 Bxe5 13. Rd1 Qe7 14. Bg5 c6 15. Ne4 h6 16. Nxf6+ Bxf6 17. Bxf6 Qxf6 18. e3 Be6 19. Rd2 Rad8 20. Rad1 Rxd2 21. Rxd2 Rd8 22. Rxd8+ Qxd8 23. b3 a5 24. Bf3 Qd6 25. Qd1 Qxd1+ 26. Bxd1 Kf8 27. Kf1 Ke7 28. Ke2 Kd6 29. Kd3 Kc5 30. Kc3 b5 31. a3 b4+ 32. axb4+ axb4+ 33. Kd3 g5 34. f4 f6 35. e4 Kd6 36. h4 c5 37. Bc2 Bg8 38. Bd1 Kc6 39. Kc2 c4 40. bxc4 Bxc4 41. Bf3 Kc5 42. hxg5 hxg5 43. fxg5 fxg5 44. Kb2 Kd4 45. Bh1 Ke3 46. Bg2 Kf2 47. Bh3 Kxg3 48. Bd7 Kf4 49. Bc6 g4 50. Bb7 Ke5 51. Bc8 g3 52. Bh3 Kxe4 53. Bg2+ Ke3 54. Bc6 Kf2 55. Bb7 g2 56. Bxg2 Kxg2 57. Kc2 Kf3 58. Kb2 Ke3 59. Kc2 Kd4 60. Kb2 b3 61. Kc1 Kc3 62. Kb1 Bd3+ 63. Ka1 b2+ 0-1


[Site "https://www.chess.com"]

[Event "Titled Tuesday Blitz October 5 2021"]
[White "Guliev, Logman"]
[Black "Gabrielian, Artur"]
[WhiteFideId "13400061"]
[BlackFideId "4131002"]
[WhiteElo "2128"]
[BlackElo "2489"]
[Result "0-1"]
[Round "02"]
[TimeControl "180+1"]
[Date "2021.10.05"]
[WhiteClock "0:00:08"]
[BlackClock "0:01:01"]

1. e4 c5 2. Nf3 d6 3. d4 cxd4 4. Nxd4 Nf6 5. Nc3 Nc6 6. Be2 g6 7. O-O Bg7 8. Nb3 O-O 9. Be3 Be6 10. Kh1 Qc8 11. f4 a5 12. a4 Nb4 13. Nd4 Bc4 14. Qd2 e5 15. Ndb5 Bxb5 16. Bxb5 Rd8 17. Bb6 Rf8 18. Qxd6 exf4 19. Rxf4 Nh5 20. Rf2 Qg4 21. Raf1 Qh4 22. Kg1 Rac8 23. Bd7 Ra8 24. Nd5 Qxe4 25. Ne7+ Kh8 26. Rxf7 Rxf7 27. Rxf7 Nxc2 28. h3 Ne3 29. Rf2 Nc4 30. Qd5 Qxd5 31. Nxd5 Nxb6 32. Nxb6 Rd8 33. Rd2 Bh6 34. Rd1 Be3+ 0-1


[Site "https://www.chess.com"]

[Event "Titled Tuesday Blitz October 5 2021"]
[White "Hambleton, Aman"]
[Black "Melian, Juan Sebastian"]
[WhiteFideId "2606577"]
[BlackFideId "3706575"]
[WhiteElo "2552"]
[BlackElo "1672"]
[Result "1-0"]
[Round "02"]
[TimeControl "180+1"]
[Date "2021.10.05"]
[WhiteClock "0:00:06"]
[BlackClock "0:00:03"]

1. d4 Nf6 2. c4 e6 3. Nc3 Bb4 4. Qc2 c5 5. dxc5 Qc7 6. Nf3 a6 7. a3 Bxc5 8. e3 Be7 9. Be2 b6 10. b3 Bb7 11. Bb2 O-O 12. g4 Rc8 13. g5 Ne8 14. Rg1 d6 15. h4 Nd7 16. h5 e5 17. g6 fxg6 18. hxg6 h6 19. O-O-O Nef6 20. Nh4 Nc5 21. Nf5 Bf8 22. f4 Re8 23. Rdf1 Rad8 24. fxe5 dxe5 25. Nxh6+ gxh6 26. Rxf6 Bg7 27. Rf7 Re7 28. b4 Ne6 29. Nd5 Bxd5 30. cxd5 Qxc2+ 31. Kxc2 Rxd5 32. Bc4 Rc7 33. Rxc7 Nxc7 34. e4 1-0


[Site "https://www.chess.com"]

[Event "Titled Tuesday Blitz October 5 2021"]
[White "Hamidi, Amir Mohammad"]
[Black "Kanyamarala, Tarun"]
[WhiteFideId "12563285"]
[BlackFideId "45004714"]
[WhiteElo "2239"]
[BlackElo "2077"]
[Result "1-0"]
[Round "02"]
[TimeControl "180+1"]
[Date "2021.10.05"]
[WhiteClock "0:01:43"]
[BlackClock "0:00:58"]

1. d4 Nf6 2. c4 e6 3. Nc3 Bb4 4. e3 O-O 5. Ne2 Re8 6. a3 Bf8 7. Ng3 d5 8. cxd5 exd5 9. Bd3 b6 10. O-O Ba6 11. Bxa6 Nxa6 12. Qd3 Qc8 13. Bd2 c5 14. Rae1 Qb7 15. f3 Rad8 16. Kh1 g6 17. Nb5 Qd7 18. Nc3 Qb7 19. Bc1 Bg7 20. Bd2 Nc7 21. b4 Ne6 22. dxc5 bxc5 23. bxc5 Nxc5 24. Qb5 Qxb5 25. Nxb5 a6 26. Nd4 Rb8 27. Rb1 Nfd7 28. Nge2 Ne5 29. Bb4 Ncd3 30. Nf4 Nxf4 31. exf4 Nd3 32. Nc6 Rb6 33. Ne7+ Kh8 34. Nxd5 Rb5 35. Nc7 1-0


[Site "https://www.chess.com"]

[Event "Titled Tuesday Blitz October 5 2021"]
[White "Harshavardhan G B"]
[Black "Nakamura, Hikaru"]
[WhiteFideId "25059009"]
[BlackFideId "2016192"]
[WhiteElo "1825"]
[BlackElo "2884"]
[Result "0-1"]
[Round "02"]
[TimeControl "180+1"]
[Date "2021.10.05"]
[WhiteClock "0:00:04"]
[BlackClock "0:00:50"]

1. d4 g6 2. c4 Bg7 3. Nc3 c5 4. d5 Bxc3+ 5. bxc3 f5 6. h4 Qa5 7. h5 Qxc3+ 8. Bd2 Qg7 9. e4 fxe4 10. Be2 d6 11. Rc1 Nd7 12. Nh3 Ne5 13. Qb3 gxh5 14. Bxh5+ Kd7 15. Nf4 Kc7 16. Rb1 b6 17. a4 Nf6 18. a5 Kb7 19. a6+ Kc7 20. Ba5 Rb8 21. Qa2 Bd7 22. Bxb6+ Rxb6 23. Rxb6 axb6 24. a7 Kb7 25. O-O Nxh5 26. Ra1 Ka8 27. Nxh5 Nf3+ 28. Kf1 Qc3 29. gxf3 Bh3+ 30. Ke2 Qxf3+ 31. Ke1 e3 32. Ng3 Rf8 33. Ne4 Qxe4 34. f3 Qxf3 0-1


[Site "https://www.chess.com"]

[Event "Titled Tuesday Blitz October 5 2021"]
[White "Hirneise, Jens"]
[Black "Starozhilov, Leonid"]
[WhiteFideId "24614734"]
[BlackFideId "14106752"]
[WhiteElo "2323"]
[BlackElo "2414"]
[Result "0-1"]
[Round "02"]
[TimeControl "180+1"]
[Date "2021.10.05"]
[WhiteClock "0:00:12"]
[BlackClock "0:00:22"]

1. d4 Nf6 2. Bg5 e6 3. Nd2 d5 4. c3 Nbd7 5. Ngf3 h6 6. Bh4 Be7 7. e3 b6 8. Bd3 Bb7 9. Qe2 Ne4 10. Bxe7 Qxe7 11. O-O Nxd2 12. Nxd2 e5 13. dxe5 Nxe5 14. Bb5+ c6 15. Ba6 Bxa6 16. Qxa6 O-O 17. e4 Rad8 18. exd5 Rxd5 19. Nc4 Ng4 20. h3 Nf6 21. Rfe1 Qc7 22. Ne3 Re5 23. Nc4 Rg5 24. Rad1 Nd5 25. Ne3 Nf4 26. Kh1 b5 27. Rd4 Ne6 28. Rg4 Nc5 29. Qa3 Nd3 30. Rf1 Re8 31. Rxg5 hxg5 32. c4 Nf4 33. cxb5 cxb5 34. Qb3 Qb7 35. f3 Ne2 36. Re1 Ng3+ 37. Kh2 Qb8 38. Kg1 Qb6 39. Kh2 Rxe3 40. Rxe3 Nf1+ 41. Kg1 Nxe3 42. Qd3 Nd5+ 43. Kh2 Qd6+ 44. g3 a6 0-1


[Site "https://www.chess.com"]

[Event "Titled Tuesday Blitz October 5 2021"]
[White "Hjartarson, Johann"]
[Black "Sanal, Vahap"]
[WhiteFideId "2300044"]
[BlackFideId "6300545"]
[WhiteElo "2502"]
[BlackElo "2492"]
[Result "1-0"]
[Round "02"]
[TimeControl "180+1"]
[Date "2021.10.05"]
[WhiteClock "0:00:36"]
[BlackClock "0:00:40"]

1. c4 Nf6 2. Nc3 g6 3. e4 d6 4. d4 Bg7 5. Nf3 O-O 6. Be2 Nbd7 7. O-O e5 8. Be3 Qe7 9. d5 c5 10. Nd2 Kh8 11. a3 Ng8 12. b4 b6 13. Rb1 f5 14. f3 Ndf6 15. bxc5 bxc5 16. Nb3 Bh6 17. Bxh6 Nxh6 18. Na5 Bd7 19. Qd2 f4 20. Rb7 g5 21. Nc6 Qg7 22. Nb5 g4 23. Nxd6 g3 24. h3 Qg5 25. Qc3 Bxc6 26. dxc6 Rad8 27. Rd1 Ne8 28. c7 Nxc7 29. Rxc7 Qf6 30. Nf5 Nf7 31. Rd5 Rxd5 32. cxd5 Qb6 33. Qxc5 Qb1+ 34. Bf1 Kg8 35. Rxf7 Rxf7 36. Qc8+ Rf8 37. Qe6+ Rf7 38. Nh6+ Kg7 39. Qxf7+ Kxh6 40. Qf6+ Kh5 41. Qxe5+ Kg6 42. Qf5+ Kg7 43. Qg4+ Kh8 44. Qxf4 Qb6+ 45. Kh1 1-0


[Site "https://www.chess.com"]

[Event "Titled Tuesday Blitz October 5 2021"]
[White "Hryshchenko, Kamila"]
[Black "Moroni, Luca Jr"]
[WhiteFideId "14147491"]
[BlackFideId "865834"]
[WhiteElo "1929"]
[BlackElo "2491"]
[Result "0-1"]
[Round "02"]
[TimeControl "180+1"]
[Date "2021.10.05"]
[WhiteClock "0:01:24"]
[BlackClock "0:00:22"]

1. Nf3 g6 2. g3 Bg7 3. Bg2 d6 4. d3 Bd7 5. O-O Qc8 6. h4 Bh3 7. c4 Nc6 8. d4 Nf6 9. Nc3 O-O 10. e4 Bg4 11. Be3 Nd7 12. Qd2 Bxf3 13. Bxf3 e5 14. Ne2 exd4 15. Nxd4 Nxd4 16. Bxd4 Bxd4 17. Qxd4 Ne5 18. Bg2 Qe6 19. Rac1 c5 20. Qc3 Nc6 21. Rcd1 Nd4 22. Rxd4 cxd4 23. Qxd4 Qe5 24. Qd2 Rac8 25. b3 b5 26. cxb5 Qxb5 27. f4 Qc5+ 28. Kh1 Qc2 29. Qd4 Qxa2 30. f5 Rc2 31. Bf3 Qxb3 32. h5 gxh5 33. Qxd6 Qe3 34. e5 Rc1 35. Rxc1 Qxc1+ 36. Kh2 Qc2+ 37. Kh3 Qxf5+ 38. Kg2 Qc2+ 39. Kh3 Qg6 40. Qc5 Re8 41. Qxa7 Qe6+ 42. g4 hxg4+ 43. Bxg4 Qxe5 44. Qg1 Qe3+ 0-1


[Site "https://www.chess.com"]

[Event "Titled Tuesday Blitz October 5 2021"]
[White "Ibrahimli, Murad"]
[Black "Tologon tegin, Semetei"]
[WhiteFideId "13410229"]
[BlackFideId "13800574"]
[WhiteElo "2109"]
[BlackElo "2224"]
[Result "1/2-1/2"]
[Round "02"]
[TimeControl "180+1"]
[Date "2021.10.05"]
[WhiteClock "0:00:06"]
[BlackClock "0:00:03"]

1. e4 c5 2. Nf3 d6 3. d4 cxd4 4. Nxd4 Nf6 5. Nc3 g6 6. Be2 Bg7 7. Be3 O-O 8. g4 d5 9. e5 Ne4 10. f4 Nxc3 11. bxc3 Nc6 12. h4 f6 13. exf6 Bxf6 14. h5 e5 15. Nxc6 bxc6 16. hxg6 exf4 17. gxh7+ Kh8 18. Bd4 Qe7 19. g5 Bg7 20. Kf2 f3 21. Bf1 c5 22. Bxg7+ Qxg7 23. Qxd5 Qxc3 24. Rd1 Bf5 25. Qd2 Qg7 26. Qe3 Bxc2 27. Rc1 Bg6 28. Qc3 Rac8 29. Qxg7+ Kxg7 30. Rh6 Bxh7 31. Bc4 Bg6 32. Rd1 Rcd8 33. Rxd8 Rxd8 34. Kxf3 Rd4 35. Be6 Rd6 36. Bg4 Ra6 37. Rh2 Ra3+ 38. Kf4 Ra4+ 39. Kg3 Ra3+ 40. Kf4 Bf7 41. Rd2 Rxa2 42. Rd7 Ra4+ 43. Kf5 Kf8 44. Bf3 Rd4 45. Rxa7 c4 46. Be4 c3 47. Rc7 Rc4 48. Rxc4 Bxc4 49. Ke5 Ke7 50. Kd4 Bf7 51. Kxc3 Ke6 52. Kd4 Be8 53. Ke3 Ke5 54. Kf3 Bh5+ 55. Ke3 Bf7 56. Bd3 Bh5 57. Bc2 Bf7 58. Kf3 Bh5+ 59. Kg3 Ke6 60. Kf4 Be8 61. Bb3+ Ke7 62. Ke5 Kf8 63. Kf6 Bh5 64. Bc2 Be8 65. Bg6 Bb5 66. Bh5 Bd3 67. Bg6 Bb5 68. Bf5 Be8 69. Bg4 Bf7 70. Bf3 Be8 71. Bd5 Bh5 72. Bc6 Bf7 73. Bd7 Bh5 74. Bf5 Bf7 75. Bg6 Bc4 76. Bh5 Bd3 77. Bf3 Bc2 78. Bg4 Bb1 79. Bf5 Ba2 80. g6 Kg8 81. g7 Bb3 82. Kg6 Bc2 83. Bxc2 1/2-1/2


[Site "https://www.chess.com"]